 Dungeon Sprint DCSS version 0.30-a0-860-g512cf1e979 (webtiles) character file.

Game seed: 4371638390535536038

938 rocky1 the Carver (level 8, -2/65 HPs)
             Began as a Djinni Fighter on Mar 8, 2023.
             Was a Believer of Okawaru.
             Slain by an eight-headed hydra (13 damage)
             ... in the Dungeon (Sprint VII: "The Pits").
             The game lasted 00:02:56 (1882 turns).

rocky1 the Carver (Djinni Fighter)                  Turns: 1882, Time: 00:02:57

Health: -2/65      AC: 11    Str: 15    XL:     8   Next: 34%
Gold:   0          EV: 11    Int: 10    God:    Okawaru [**....] SH:  6 Dex: 15

rFire   + + .      SeeInvis .    b - +0 long sword (holy)
rCold   x . .      Faith    .    c - +0 buckler
rNeg    . . .      Spirit   .    k - +3 scale mail
rPois   ∞          Reflect  .    (no helmet)
rElec   .          Rampage  .    (no cloak)
rCorr   .          NoTele   +    (no gloves)
Will    .....                    (boots unavailable) Stlth
                                 (no amulet)
HPRegen 0.30/turn                (no ring)
MPRegen 0.00/turn                (no ring)

@: flying, invisible
A: sickness immunity, fire resistance 2, cold vulnerability 1, float, innate
caster, HP casting, extra vitality 1
a: Renounce Religion, Heroism


You were in the Dungeon.
You worshipped Okawaru.
Okawaru was pleased with you.
You visited 1 branch

Inventory:

Hand Weapons
 a - a +0 long sword
 b - a +0 long sword of holy wrath (weapon)
Armour
 c - a +0 buckler (worn)
 k - a +3 scale mail (worn)
Potions
 d - a potion of might
 e - 6 potions of curing
 f - 6 potions of heal wounds
 g - a potion of haste
 h - a potion of berserk rage
 j - a potion of invisibility


   Skills:
 + Level 7.8 Fighting
 + Level 10.6 Long Blades
 + Level 8.9 Armour
 + Level 4.2 Dodging
 - Level 1.0 Stealth
 + Level 6.4 Shields


You knew the following spells:

 Your Spells              Type           Power      Damage    Failure   Level
a - Foxfire               Conj/Fire      0%         2x1d4     83%         1
b - Static Discharge      Conj/Air       0%         2-2/arc   93%         2
c - Inner Flame           Hex/Fire       0%         N/A       99%         3
Your spell library was empty.

Dungeon Overview and Level Annotations

Branches:
Dungeon (1/1)

Altars:
Ashenzari
Cheibriados
Dithmenos
Elyvilon
Fedhas
Gozag
Hepliaklqana
Makhleb
Nemelex Xobeh
Okawaru
Qazlal
Ru
Trog
Uskayaw
Wu Jian
Xom
Yredelemnul
Zin
The Shining One
Jiyva
Lugonu


Innate Abilities, Weirdness & Mutations

You are immune to sickness and miasma.
You are immune to poison.
Your flesh is very heat resistant. (rF++)
You are vulnerable to cold. (rC-)
You float through the air rather than walking.
You learn spells naturally, not from books.
Your magical power is your life essence.
You have superior vitality. (+4 MHP)


Message History

There is an open door here.
The warg attacks as you move away! The warg barely misses you.
The warg attacks as you move away!
The warg bites you but does no damage. x2
The warg attacks as you move away! The warg bites you but does no damage.
The warg attacks as you move away! You block the warg's attack.
The warg bites you! The warg attacks as you move away! The warg bites you.
The warg attacks as you move away! The warg bites you but does no damage.
There is an open door here.
The warg bites you but does no damage.
You barely miss the warg. The warg bites you!
You miss the warg. The warg bites you but does no damage.
You hit the warg.
The warg is lightly wounded.
The warg bites you but does no damage.
You slash the warg!
The warg is moderately wounded.
The warg completely misses you.
You fade into invisibility!
The eight-headed hydra barely misses you.
You block the eight-headed hydra's attack.
The eight-headed hydra bites you but does no damage. x2
The eight-headed hydra bites you!
The eight-headed hydra bites you but does no damage.
The eight-headed hydra closely misses you.
The eight-headed hydra bites you.
There is an open door here.
You block the quasit's attack. x2; The quasit completely misses you.
You block the quasit's attack.
The quasit claws you but does no damage.
The quasit closely misses you.
The eight-headed hydra closely misses you.
You block the eight-headed hydra's attack. x2
The eight-headed hydra bites you but does no damage.
The eight-headed hydra bites you!
* * * LOW HITPOINT WARNING * * *
The eight-headed hydra bites you!
* * * LOW HITPOINT WARNING * * *
The eight-headed hydra bites you!
You die...

#_________.#
#_________.#
#_______...###########+
##########'##..........
#.?(!')))'.##......#..#
##########.##..........
#..h5.......'..........
#'#####h#####......#..#
#.#...@5#..##..........
#.#...D.#).#####'#####+
#D###'###))##.......#
#.#.....#))##.......#
#5#.....#[[##.......#
#.####'##'###...<...#
#.#........##.......#
#.#........##.......#
#'###########.......#


You could see an eight-headed hydra (unable to see you), a warg and a quasit
(unable to see you).

Vanquished Creatures
  A lindwurm (D)
  A floating eye (D)
  An ice beast (D)
  A necrophage (D)
  2 orc priests (D)
  2 gnoll boudas (D)
  2 orc wizards (D)
  3 gnolls (D)
  A river rat (D)
  An adder skeleton (D)
  A bat (D)
  An endoplasm (D)
  2 jackals (D)
  A ball python (D)
  A ball python skeleton (D)
  2 frilled lizards (D)
  2 rats (D)
25 creatures vanquished.

Notes
Turn   | Place    | Note
-------+----------+-------------------------------------------
     0 | D        | rocky1 the Djinni Fighter began the quest for the Orb.
     0 | D        | Reached XP level 1. HP: 20/20 MP: 0/0
    21 | D        | Reached skill level 2 in Long Blades
    21 | D        | Reached XP level 2. HP: 4/25 MP: 0/0
   413 | D        | Found a bloodstained altar of Trog.
   413 | D        | Found a viscous altar of Jiyva.
   413 | D        | Found a hazy altar of Hepliaklqana.
   413 | D        | Found an opulent altar of Gozag.
   414 | D        | Found a glowing golden altar of the Shining One.
   414 | D        | Found a glowing silver altar of Zin.
   414 | D        | Found a basalt altar of Yredelemnul.
   414 | D        | Found a shimmering altar of Xom.
   414 | D        | Found an ornate altar of the Wu Jian Council.
   414 | D        | Found a sacrificial altar of Ru.
   414 | D        | Found a stormy altar of Qazlal.
   414 | D        | Found an iron altar of Okawaru.
   414 | D        | Found a sparkling altar of Nemelex Xobeh.
   414 | D        | Found a burning altar of Makhleb.
   414 | D        | Found a blossoming altar of Fedhas.
   414 | D        | Found a white marble altar of Elyvilon.
   414 | D        | Found a shadowy altar of Dithmenos.
   414 | D        | Found a snail-covered altar of Cheibriados.
   417 | D        | Found a corrupted altar of Lugonu.
   418 | D        | Found a hide-covered altar of Uskayaw.
   418 | D        | Found a broken altar of Ashenzari.
   422 | D        | Became a worshipper of Warmaster Okawaru
   484 | D        | Noticed a floating eye
   488 | D        | Paralysed by a floating eye for 4 turns
   489 | D        | Reached skill level 3 in Long Blades
   495 | D        | Paralysed by a floating eye for 3 turns
   498 | D        | Killed a floating eye
   499 | D        | Reached skill level 5 in Fighting
   499 | D        | Reached skill level 5 in Long Blades
   499 | D        | Reached skill level 5 in Armour
   499 | D        | Reached skill level 1 in Dodging
   499 | D        | Reached XP level 3. HP: 33/33 MP: 0/0
   499 | D        | Learned a level 1 spell: Foxfire
   499 | D        | Reached XP level 4. HP: 39/39 MP: 0/0
   499 | D        | Reached XP level 5. HP: 43/43 MP: 0/0
   499 | D        | Learned a level 2 spell: Static Discharge
   561 | D        | Noticed an ice beast
   581 | D        | Killed an ice beast
   581 | D        | Reached * piety under Okawaru
   582 | D        | Reached skill level 6 in Long Blades
   582 | D        | Reached skill level 5 in Shields
   582 | D        | Reached XP level 6. HP: 49/50 MP: 0/0
   744 | D        | Reached skill level 7 in Long Blades
   768 | D        | Reached skill level 8 in Long Blades
  1281 | D        | Noticed a lindwurm
  1290 | D        | Killed a lindwurm
  1290 | D        | Reached ** piety under Okawaru
  1291 | D        | Reached skill level 10 in Long Blades
  1291 | D        | Reached XP level 7. HP: 27/58 MP: 0/0
  1291 | D        | Learned a level 3 spell: Inner Flame
  1291 | D        | Reached XP level 8. HP: 30/64 MP: 0/0
  1649 | D        | Reached skill level 1 in Stealth
  1847 | D        | Noticed an eight-headed hydra
  1882 | D        | Slain by an eight-headed hydra

Illustrated notes

Levels and vault maps discovered:
D:        pitsprint [storerooms_1, entrance_room_1, metal_vault_7, armoury_2,
          mini_pit_1, grid_room_1, main_hall_1, silver_pit, the_coven_3,
          the_vestibule_1, steel_vault_1, golden_pit, hallway_of_sentries,
          crystal_vault_4, iron_vault_2, final_vault]

Skill      XL: |  1  2  3  4  5  6  7  8 |
---------------+-------------------------+-----
Long Blades    | 2 5 6 10 | 10.6
Fighting       | 5 7 |  7.8
Armour         | 5 6 8 |  8.9
Dodging        | 1 2 4 |  4.2
Shields        | 4 5 6 |  6.4
Stealth        | 1 |  1.0

Action                     |  1- 3 |  4- 6 |  7- 9 || total
---------------------------+-------+-------+-------++-------
  Melee: Long sword        |    34 |    58 |    29 ||   121
    Use: Potion            |       |     2 |     1 ||     3
         Scroll            |       |       |     1 ||     1
 Armour: Scale mail        |    13 |    19 |    16 ||    48
  Dodge: Dodged            |    10 |    19 |    12 ||    41
  Block: Buckler           |     5 |    14 |    11 ||    30

Table legend: (Time is in decaauts)
 A = Elapsed time spent in this place.
 B = Non-inter-level travel time spent in this place.
 C = Inter-level travel time spent in this place.
 D = Time resting spent in this place.
 E = Time spent auto-exploring this place.
 F = Levels seen in this place.
 G = Mean time per level.
                   A        B        C        D        E       F      G
               +--------+--------+--------+--------+--------+-----+--------+
         Total |   1906 |   1887 |     19 |   1565 |      0 |   1 | 1906.0 |
       Dungeon |   1906 |   1887 |     19 |   1565 |      0 |   1 | 1906.0 |
               +--------+--------+--------+--------+--------+-----+--------+

Top non-repeatable levels by time:
       D: 1906 daAuts
